 Dungeon Crawl Stone Soup version 0.21-a0-525-ga34b322 (webtiles) character file.

100 slep the Chopper (level 4, -1/34 HPs)
             Began as a Demonspawn Gladiator on Dec 8, 2017.
             Slain by a worm (7 damage)
             ... on level 2 of the Dungeon.
             The game lasted 00:03:18 (969 turns).

slep the Chopper (Demonspawn Gladiator)              Turns: 969, Time: 00:03:19

Health: -1/34      AC:  8    Str: 15    XL:     4   Next: 47%
Magic:  4/4        EV: 13    Int:  9    God:
Gold:   93         SH:  0    Dex: 15    Spells: 3/3 levels left

rFire    . . .     SeeInvis .   a - +0 war axe
rCold    . . .     Gourm    .   (no shield)
rNeg     . . .     Faith    .   b - +0 leather armour
rPois    .         Spirit   .   c - +0 helmet
rElec    .         Reflect  .   (no cloak)
rCorr    .         Harm     .   e - +0 pair of gloves
MR       .....                  (no boots)
Stlth    +.........             (no amulet)
HPRegen  0.11/turn              (no ring)
MPRegen  0.09/turn              (no ring)

@: lethally poisoned (-1 -> -4)
A: icy blue scales 2, demonic guardian 1
a: no special abilities


You were on level 2 of the Dungeon.
You were not hungry.

You visited 1 branch of the dungeon, and saw 2 of its levels.

You collected 93 gold pieces.

Inventory:

Hand Weapons
 a - a +0 war axe (weapon)
Missiles
 d - 4 throwing nets (quivered)
Armour
 b - a +0 leather armour (worn)
 c - a +0 helmet (worn)
 e - a +0 pair of gloves (worn)
Scrolls
 h - a scroll of remove curse {unknown}
 j - a scroll of fog {unknown}
 k - a scroll of teleportation {unknown}
Potions
 g - a potion of flight {unknown}
 i - a potion of heal wounds {unknown}
 m - a potion of cancellation {unknown}
 o - a potion of mutation {unknown}
Comestibles
 f - 3 bread rations
 l - a royal jelly
 n - 4 chunks of flesh


   Skills:
 + Level 2.4 Fighting
 + Level 4.0 Axes
 + Level 1.8 Throwing
 + Level 0.7 Armour
 + Level 3.1 Dodging
 + Level 0.9 Stealth


You had 3 spell levels left.
You didn't know any spells.

Dungeon Overview and Level Annotations

Branches:
Dungeon (2/15)

Altars:
Gozag


Innate Abilities, Weirdness & Mutations

You are mostly covered in icy blue scales. (AC +3)
A weak demonic guardian rushes to your aid.


Message History

The adder is heavily wounded.
You hit the worm.
You feel sick. The adder bites you but does no damage. The worm bites you!
* * * LOW HITPOINT WARNING * * *
You miss the adder.
The adder is heavily wounded.
You hit the worm. The adder misses you. The adder bites you but does no damage.
The worm misses you.
You miss the adder.
The adder is heavily wounded.
You hit the worm.
You feel sick. The adder misses you. The adder closely misses you.
Your leather armour prevents you from hitting the adder.
The adder is heavily wounded.
You hit the worm. The adder closely misses you. The worm barely misses you.
You slash the adder!
You kill the adder!
Your Axes skill increases to level 4!
You hit the worm.
You feel sick. The worm bites you!
You die...

#.....##...##.....##...
##...##.....##...##....
.#####.†.#.#.#####...#
...##......#.# #...#
..###.....##.####....###
..# ###...##...?........
#.#####.####.#......[...
#.##....# #..#..<†......
#.)#...## #..#..@w...(..
##..†..# #..#..........
###...# #..#..........
#...# ####..........
##### #..........
#.......... #......>...
###########


You could see a worm.

Vanquished Creatures
  3 gnolls (D:2)
  4 adders (D:2)
  An ooze (D:1)
  A dart slug (D:2)
  A leopard gecko (D:2)
  A ball python (D:1)
  A giant cockroach (D:1)
  5 hobgoblins
  3 bats
  3 frilled lizards
  2 goblins (D:1)
  6 kobolds
  2 rats
33 creatures vanquished.

Notes
Turn   | Place    | Note
-------+----------+-------------------------------------------
     0 | D:1      | slep the Demonspawn Gladiator began the quest for the Orb.
     0 | D:1      | Reached XP level 1. HP: 16/16 MP: 1/1
   203 | D:1      | Reached skill level 3 in Axes
   213 | D:1      | Gained mutation: You are partially covered in icy blue scales. (AC +2) [demonic ancestry]
   213 | D:1      | Reached XP level 2. HP: 22/22 MP: 2/2
   633 | D:2      | Found an opulent altar of Gozag.
   641 | D:2      | Gained mutation: A weak demonic guardian rushes to your aid. [demonic ancestry]
   641 | D:2      | Reached XP level 3. HP: 24/27 MP: 3/3
   813 | D:2      | Gained mutation: You are mostly covered in icy blue scales. (AC +3) [demonic ancestry]
   813 | D:2      | Reached XP level 4. HP: 11/33 MP: 4/4
   969 | D:2      | Reached skill level 4 in Axes
   969 | D:2      | Slain by a worm

Vault maps used:
D:1:      lemuel_arrival_muddy
D:2:      kennysheep_six_static_rooms, grunt_gozag_statues, first_bread

Skill      XL: |  1  2  3  4 |
---------------+-------------+-----
Axes           | 3 4 |  4.0
Dodging        | 3 |  3.1
Fighting       | |  2.4
Throwing       | |  1.8
Armour         | |  0.7
Stealth        | |  0.9

Action                   |  1- 3 |  4- 6 || total
-------------------------+-------+-------++-------
Melee: War axe           |    90 |    25 ||   115
Armor: Leather armour    |    46 |     7 ||    53
Dodge: Dodged            |    84 |    25 ||   109

Table legend:
 A = Spawn XP
 B = Non-spawn XP
 C = Spawn XP percentage of total XP
 D = Spawn monster count
 E = Non-spawn monster count
 F = Spawn count percentage of total count
 G = Total turns spent on level
                    A         B        C        D         E        F      G
               +---------+---------+-------+---------+---------+-------+---------
         Total |       0 |     144 |   0.0 |       0 |      33 |   0.0 |   969
               +---------+---------+-------+---------+---------+-------+---------
           D:1 |       0 |      28 |   0.0 |       0 |      16 |   0.0 |   633
           D:2 |       0 |     116 |   0.0 |       0 |      17 |   0.0 |   336
               +---------+---------+-------+---------+---------+-------+---------
